 Dungeon Crawl Stone Soup version 0.28-a0-1435-g82390b3a13 (webtiles) character file.

Game seed: 4006965727522617245

41334 ytrimaz the Tortoise (level 13, -11/122 HPs)
             Began as a Minotaur Fighter on Jan 9, 2022.
             Was a High Priest of Cheibriados.
             Mangled by a very large slime creature (23 damage)
             ... on level 15 of the Dungeon.
             The game lasted 00:20:47 (16780 turns).

ytrimaz the Tortoise (Minotaur Fighter)            Turns: 16780, Time: 00:20:47

Health: -11/122    AC: 21    Str: 47    XL:     13   Next: 79%
Magic:  17/17      EV: 13    Int: 20    God:    Cheibriados [*****.]
Gold:   295        SH:  7    Dex: 26    Spells: 12/12 levels left

rFire   + . .      SeeInvis +   k - +10 long sword "Huushod" {flame, rF+ Int+3}
rCold   + . .      Faith    .   c - +0 buckler
rNeg    . . .      Spirit   .   v - +1 plate armour
rPois   +          Reflect  .   (helmet restricted)
rElec   +          Harm     .   K - +0 cloak
rCorr   +          Rampage  .   P - +0 pair of gloves
Will    +....                   (no boots)
Stlth   ..........              s - amulet "Loja" {RegenMP rElec Will+ rCorr Dex+4}
HPRegen 0.30/turn               M - ring "Ledd" {rPois rC+ Str+3 SInv}
MPRegen 0.55/turn               H - ring of Tuded {Str+6 Stlth+}

@: very slow
A: horns 2, retaliatory headbutt
a: Renounce Religion, Bend Time, Temporal Distortion, Slouch, Step From Time


You were on level 15 of the Dungeon.
You worshipped Cheibriados.
Cheibriados was extremely pleased with you.
You visited 3 branches of the dungeon, and saw 17 of its levels.
You also visited: Ice Cave.

You collected 946 gold pieces.
You spent 651 gold pieces at shops.

Inventory:

Hand Weapons
 k - the +10 long sword "Huushod" (weapon) {flame, rF+ Int+3}
   (You found it on level 2 of the Dungeon)

   It burns those it strikes, dealing additional fire damage.
   Big, fiery blades are also staple armaments of hydra-hunters.
   Int:       It affects your intelligence (+3).
   rF:        It protects you from fire.
Missiles
 r - 3 boomerangs (quivered)
 t - 3 throwing nets
Armour
 c - a +0 buckler (worn)
 v - a +1 plate armour (worn)
 x - +0 storm dragon scales
 K - a +0 cloak (worn)
 P - a +0 pair of gloves (worn)
Jewellery
 e - a +4 ring of protection
 s - the amulet "Loja" (around neck) {RegenMP rElec Will+ rCorr Dex+4}
   (You bought it in a shop on level 4 of the Dungeon)

   [amulet of magic regeneration]

   It increases your rate of magic regeneration.
   Dex:       It affects your dexterity (+4).
   rElec:     It insulates you from electricity.
   rCorr:     It protects you from acid and corrosion.
   Will:      It increases your willpower.
 w - the ring "Puvet" {Int+3 SInv Stlth+}
   (You found it on level 6 of the Dungeon)

   [ring of see invisible]

   Int:       It affects your intelligence (+3).
   SInv:      It lets you see invisible.
   Stlth:     It makes you more stealthy.
 y - an amulet of reflection
 H - the ring of Tuded (right hand) {Str+6 Stlth+}
   (You found it on level 10 of the Dungeon)

   [ring of strength]

   Str:       It affects your strength (+6).
   Stlth:     It makes you more stealthy.
 M - the ring "Ledd" (left hand) {rPois rC+ Str+3 SInv}
   (You bought it in a shop on level 4 of the Dungeon)

   [ring of protection from cold]

   Str:       It affects your strength (+3).
   rC:        It protects you from cold.
   rPois:     It protects you from poison.
   SInv:      It lets you see invisible.
 O - an amulet of magic regeneration
Wands
 d - a wand of mindburst (9)
 f - a wand of charming (17)
 h - a wand of flame (44)
 p - a wand of iceblast (10)
 E - a wand of paralysis (3)
Scrolls
 a - a scroll of magic mapping
 n - 8 scrolls of teleportation
 z - 3 scrolls of enchant weapon
 A - 3 scrolls of summoning
 B - a scroll of noise
 C - a scroll of fear
 J - a scroll of amnesia
Potions
 g - 2 potions of magic
 i - 11 potions of curing
 j - 2 potions of mutation
 l - 4 potions of brilliance
 m - a potion of resistance
 q - 2 potions of heal wounds
 u - 3 potions of degeneration {unknown}
 D - a potion of berserk rage
 G - a potion of cancellation {unknown}
 I - a potion of attraction {unknown}
 L - a potion of flight {unknown}
 N - 2 potions of invisibility {unknown}


   Skills:
 * Level 13.3 Fighting
 + Level 14.3 Long Blades
 - Level 4.2 Axes
 * Level 9.0 Throwing
 * Level 15.6 Armour
 - Level 4.7 Dodging
 - Level 4.8 Shields
 * Level 6.9 Invocations


You had 12 spell levels left.
You didn't know any spells.
Your spell library contained the following spells:

 Spells                   Type           Power      Damage    Failure   Level
 Freeze                   Ice            0%         1d3       58%         1
 Ensorcelled Hibernation  Hex/Ice        0%         N/A       73%         2
 Frozen Ramparts          Ice            0%         1d2       91%         3
 Gell's Gravitas          Tloc           0%         N/A       91%         3
 Lesser Beckoning         Tloc           0%         N/A       91%         3
 Ozocubu's Armour         Ice            0%         N/A       91%         3
 Teleport Other           Tloc           0%         N/A       91%         3
 Tukima's Dance           Hex            0%         N/A       91%         3
 Animate Dead             Necr           0%         N/A       100%        4
 Hailstorm                Conj/Ice       0%         3d3       100%        4
 Metabolic Englaciation   Hex/Ice        0%         N/A       100%        5
 Dispersal                Tloc           0%         N/A       100%        6
 Simulacrum               Ice/Necr       0%         N/A       100%        6
 Enfeeble                 Hex            0%         N/A       100%        7
 Haunt                    Necr/Summ      0%         N/A       100%        7
 Disjunction              Tloc           0%         N/A       100%        8
 Infestation              Necr           0%         N/A       100%        8


Dungeon Overview and Level Annotations

Branches:
Dungeon (15/15)            Temple (1/1) D:5            Lair (0/6) D:10
    Orc (1/2) D:12         Vaults (0/5) D:14          IceCv (visited)
 Depths: D:15

Altars:
Ashenzari
Cheibriados
Dithmenos
Elyvilon
Fedhas
Gozag
Hepliaklqana
Kikubaaqudgha
Makhleb
Nemelex Xobeh
Okawaru
Qazlal
Ru
Sif Muna
Trog
Uskayaw
Vehumet
Wu Jian
Xom
Yredelemnul
Zin
The Shining One
Lugonu

Shops:
D:4 =(:*   D:8 (   D:9 ((:   D:11 (   D:13 !

Portals:
Abyss: D:15


Innate Abilities, Weirdness & Mutations

You have a pair of horns on your head.
You reflexively headbutt those who attack you in melee.


Message History

The rakshasa hits you with a +0 trident!
* * * LOW HITPOINT WARNING * * *
Unknown command.
You hit the rakshasa. You burn the rakshasa. You headbutt the rakshasa.
The rakshasa is lightly wounded.
The rakshasa misses you.
You completely miss the rakshasa. You headbutt the rakshasa!
The rakshasa is moderately wounded.
The rakshasa hits you but does no damage.
Unknown command.
You slice the rakshasa!! You burn the rakshasa. You headbutt the rakshasa!
You kill the rakshasa!
Cheibriados thoroughly appreciates the change of pace.
Your Throwing skill increases to level 9!
Unknown command.
You slash the very large slime creature!
You burn the very large slime creature.
The very large slime creature is lightly wounded.
The very large slime creature barely misses you.
Unknown command.
You cut the very large slime creature into ribbons!!!
You burn the very large slime creature!!
The very large slime creature is heavily wounded.
The very large slime creature hits you!!
* * * LOW HITPOINT WARNING * * *
You slash the very large slime creature!
You burn the very large slime creature.
The very large slime creature is heavily wounded.
Unknown command.
You slice the very large slime creature!!
You burn the very large slime creature!
You headbutt the very large slime creature!
The very large slime creature is almost dead.
The very large slime creature hits you but does no damage.
Unknown command.
You barely miss the very large slime creature.
You headbutt the very large slime creature!
The very large slime creature is almost dead.
The very large slime creature hits you!!
You die...

##..# ..# #... #..## ##.## ##..
##..# ##...## ##. #..## #.....#
#)) ##..# #.....# #.) #..##
#...# #.. #..# #.# ####### #..
..## #J# ###.....####.# ..# #@#
#....<.......# ..##
#.###.......[....# [[.####
#................# ......#####
####.............#
..........#### #.............##
...[.........#####.............#
.......#.......................#
.......####....................#
##......#######................#


You could see a very large slime creature.

Vanquished Creatures
  Azrael (D:14)
  Josephine (D:10)
  3 hydras
  A rakshasa (D:15)
  A vault guard (D:14)
  3 centaur warriors
  A death knight (D:15)
  5 two-headed ogres
  Nergalle (D:10)
  A skeletal warrior (D:15)
  A deep troll (D:14)
  An orc knight (D:15)
  2 phantasmal warriors (D:15)
  A deep elf pyromancer (D:15)
  16 ugly things
  A wolf spider (D:15)
  An orc sorcerer (D:12)
  2 cyclopes (D:13)
  Joseph (D:9)
  2 manticores (D:12)
  A centaur zombie (D:11)
  2 ice statues (D:14)
  4 gargoyles
  An unseen horror (D:11)
  Maggie (D:10)
  4 yaktaurs
  A komodo dragon (D:11)
  A tengu conjurer (D:13)
  4 trolls
  14 slime creatures
  A dream sheep (shapeshifter) (D:14)
  2 shadows (D:12)
  5 yaks (D:10)
  9 wraiths
  Eustachio (D:6)
  4 basilisks (D:10)
  2 wyverns
  3 fire elementals (D:14)
  A steam dragon (D:8)
  2 acid dragons
  3 water moccasins
  5 hell hounds (D:14)
  3 orc warriors
  2 necrophages
  A swamp drake (D:10)
  2 sky beasts
  A black bear (D:8)
  An ice beast (D:5)
  4 ogres
  24 centaurs
  2 phantoms
  2 kobold brigands
  2 wyvern zombies
  2 bullfrogs
  2 scorpions (D:5)
  A water moccasin zombie (D:6)
  A troll zombie (D:12)
  9 killer bees
  6 howler monkeys
  A bullfrog zombie (D:5)
  2 jellies
  A centaur skeleton (D:4)
  4 hounds
  8 orc priests
  2 bullfrog skeletons
  2 gnoll shamans
  A scorpion zombie (D:5)
  4 iguanas
  9 orc wizards
  5 ogre zombies (D:12)
  A hound zombie (D:5)
  7 gnolls
  8 adders
  A white imp (D:8)
  2 ufetubi
  3 dart slugs
  23 orcs
  6 endoplasms
  7 giant cockroaches
  12 goblins
  4 hobgoblins
  7 jackals
  2 quokkas
  3 training dummies (D:11)
  3 ball pythons
  9 bats
  4 frilled lizards
  A goblin skeleton (D:12)
  A goblin zombie (D:12)
  3 hobgoblin skeletons (D:12)
  4 hobgoblin zombies (D:12)
  18 kobolds
  10 orc zombies (D:12)
  A quokka skeleton (D:4)
  2 rats
363 creatures vanquished.

Vanquished Creatures (others)
  A quokka (D:5)
  A lurking horror (D:15)
  A plant (D:7)
3 creatures vanquished.

Grand Total: 366 creatures vanquished

Notes
Turn   | Place    | Note
-------+----------+-------------------------------------------
     0 | D:1      | ytrimaz the Minotaur Fighter began the quest for the Orb.
     0 | D:1      | Reached XP level 1. HP: 19/19 MP: 0/0
   178 | D:1      | Found a faded altar of an unknown god.
   198 | D:1      | Reached XP level 2. HP: 27/27 MP: 1/1
   342 | D:1      | Reached XP level 3. HP: 23/33 MP: 2/2
   694 | D:2      | Reached skill level 4 in Armour
   977 | D:2      | Reached skill level 1 in Dodging
  1072 | D:2      | Reached XP level 4. HP: 39/40 MP: 3/3
  1165 | D:2      | Identified the +10 long sword "Huushod" {flame, rF+ Int+3}
  1403 | D:3      | Reached skill level 1 in Long Blades
  1403 | D:3      | Reached XP level 5. HP: 32/46 MP: 4/4
  1986 | D:4      | Found Ceha's Book Boutique.
  2122 | D:4      | Noticed a phantom
  2126 | D:4      | Killed a phantom
  2127 | D:4      | Reached XP level 6. HP: 53/53 MP: 5/5
  2239 | D:4      | Found a bloodstained altar of Trog.
  2239 | D:4      | Found a burning altar of Makhleb.
  2241 | D:4      | Found a shadowy altar of Dithmenos.
  2241 | D:4      | Found a stormy altar of Qazlal.
  2610 | D:4      | Found a sparkling altar of Nemelex Xobeh.
  2758 | D:4      | Found Keighiom's Jewellery Emporium.
  2933 | D:4      | Reached XP level 7. HP: 60/60 MP: 6/6
  2949 | D:4      | Reached skill level 5 in Long Blades
  2949 | D:4      | Reached skill level 5 in Armour
  2974 | D:4      | Found a sacrificial altar of Ru.
  3008 | D:4      | Found Xinatuaq's Assorted Antiques.
  3011 | D:4      | Bought a fine emerald amulet for 115 gold pieces
  3011 | D:4      | Identified the amulet "Loja" {RegenMP rElec Will+ rCorr
                  | Dex+4} (You bought it in a shop on level 4 of the Dungeon)
  3018 | D:4      | Bought a scroll labelled ZAEWI DOHAE for 23 gold pieces
  3099 | D:4      | Found Amoxol's Antique Weapon Emporium.
  3148 | D:5      | Entered Level 5 of the Dungeon
  3188 | D:5      | Found a shimmering blue altar of Sif Muna.
  3240 | D:5      | Found a staircase to the Ecumenical Temple.
  3247 | D:5      | Reached skill level 5 in Fighting
  3261 | Temple   | Entered the Ecumenical Temple
  3390 | Temple   | Became a worshipper of Cheibriados the Contemplative
  3723 | D:5      | Reached XP level 8. HP: 62/68 MP: 7/7
  3865 | D:5      | Reached * piety under Cheibriados
  3928 | D:5      | Reached skill level 6 in Armour
  4018 | D:5      | Reached skill level 1 in Throwing
  4068 | D:5      | Found Bairyopp's Distillery.
  4244 | D:5      | Found a white marble altar of Elyvilon.
  4304 | D:5      | Found a hide-covered altar of Uskayaw.
  4446 | D:6      | Noticed Eustachio
  4451 | D:6      | Killed Eustachio
  4452 | D:6      | Reached XP level 9. HP: 74/78 MP: 8/8
  4498 | D:6      | Found an iron altar of Okawaru.
  4683 | D:6      | Reached ** piety under Cheibriados
  4759 | D:6      | Found an ornate altar of the Wu Jian Council.
  4943 | D:6      | Reached skill level 7 in Armour
  5013 | D:6      | Identified the ring "Puvet" {Int+3 SInv Stlth+}
  5326 | D:7      | Reached skill level 10 in Long Blades
  5341 | D:7      | Reached skill level 8 in Armour
  5352 | D:7      | HP: 5/121 [centaur/arrow (6)]
  5371 | D:7      | Reached *** piety under Cheibriados
  5710 | D:7      | Reached XP level 10. HP: 62/88 MP: 9/9
  5846 | D:7      | Found a blossoming altar of Fedhas.
  6499 | D:8      | Found an opulent altar of Gozag.
  6707 | D:8      | Found Deisovue's Weapon Boutique.
  7088 | D:9      | Found Rokhluur's Weapon Emporium.
  7163 | D:9      | Noticed Joseph
  7176 | D:9      | Reached **** piety under Cheibriados
  7179 | D:9      | Killed Joseph
  7180 | D:9      | Reached skill level 9 in Armour
  7180 | D:9      | Reached skill level 1 in Invocations
  7618 | D:9      | Found Zefuops's Antique Weapon Shoppe.
  7925 | D:9      | Noticed a two-headed ogre
  7926 | D:9      | Found Maduhuif's Book Boutique.
  7935 | D:9      | Killed a two-headed ogre
  7936 | D:9      | Reached skill level 5 in Throwing
  8048 | D:10     | Entered Level 10 of the Dungeon
  8131 | D:10     | Noticed a gargoyle
  8139 | D:10     | Killed a gargoyle
  8332 | D:10     | Noticed Josephine
  8342 | D:10     | Killed Josephine
  8343 | D:10     | Reached skill level 10 in Armour
  8354 | D:10     | Reached XP level 11. HP: 87/97 MP: 11/11
  8501 | D:10     | Noticed Nergalle
  8506 | D:10     | Killed Nergalle
  8579 | D:10     | Identified the ring of Tuded {Str+6 Stlth+}
  9141 | D:10     | Noticed Maggie
  9143 | D:10     | Noticed a two-headed ogre
  9147 | D:10     | Killed Maggie
  9153 | D:10     | Killed a two-headed ogre
  9154 | D:10     | Reached skill level 11 in Armour
  9334 | D:10     | Found a staircase to the Lair.
  9524 | D:11     | Reached ***** piety under Cheibriados
  9609 | D:11     | Reached skill level 10 in Fighting
  9718 | D:11     | Identified the +0 dagger of Rear {elec, rN++ Str-3 Dex+7}
  9853 | D:11     | Found Caosiem's Firing Range.
 10515 | D:12     | Noticed an orc sorcerer
 10527 | D:12     | Killed an orc sorcerer
 10552 | D:12     | Found a staircase to the Orcish Mines.
 10695 | D:12     | Noticed an eight-headed hydra
 10700 | D:12     | Reached skill level 12 in Armour
 10704 | D:12     | Killed a four-headed hydra
 10705 | D:12     | Reached XP level 12. HP: 86/107 MP: 14/14
 10813 | D:12     | Noticed a two-headed ogre
 10816 | D:12     | Killed a two-headed ogre
 11950 | D:4      | Bought the ring "Ledd" {rPois rC+ Str+3 SInv} for 513 gold
                  | pieces
 12408 | Orc:1    | Entered Level 1 of the Orcish Mines
 12441 | D:13     | Noticed a centaur warrior
 12444 | D:13     | Killed a centaur warrior
 12670 | D:13     | Reached skill level 5 in Invocations
 12693 | D:13     | Noticed a centaur warrior
 12695 | D:13     | Killed a centaur warrior
 12895 | D:13     | Found Huni Utu's Distillery.
 13040 | D:14     | Found a frozen archway.
 13049 | D:14     | Reached skill level 13 in Armour
 13095 | D:14     | Reached ****** piety under Cheibriados
 13363 | IceCv    | Entered an ice cave
 13588 | D:14     | Noticed a centaur warrior
 13596 | D:14     | Killed a centaur warrior
 13670 | D:14     | Noticed Azrael
 13682 | D:14     | Killed Azrael
 13683 | D:14     | Reached XP level 13. HP: 102/118 MP: 16/16
 14080 | D:14     | Reached skill level 14 in Armour
 14388 | D:14     | Found a shadowy altar of Dithmenos.
 14825 | D:14     | Found a gate to the Vaults.
 14849 | D:15     | Entered Level 15 of the Dungeon
 15286 | D:15     | Found a corrupted altar of Lugonu.
 15291 | D:15     | Found a one-way gate to the infinite horrors of the Abyss.
 16041 | D:15     | Reached skill level 15 in Armour
 16780 | D:15     | Mangled by a very large slime creature

Illustrated notes

Levels and vault maps discovered:
D:1:      dpeg_arrival_lava_temple_mockup, layout_loops_ring,
          hellmonk_ecumenical_altar_run_dry
D:2:      layout_loops_cross, hangedman_decor_push
D:3:      layout_basic
D:4:      layout_loops_corners, nicolae_ru_path_of_blood, kennysheep_little_box,
          mainiacjoe_overflow_alcove_3, serial_shops, nicolae_shop_behind_doors,
          nicolae_stop_n_shop_2, kennysheep_mini, nicolae_shop_window_shopping
D:5:      layout_rooms, tgw_sif, nicolae_uskayaw_suspiria, elyvilon_altar_4,
          minmay_temple_entry_slanted, serial_shops, shop,
          minmay_divided_ellipse
D:6:      layout_gridville, nicolae_wu_jian_immortal_techniques,
          mainiacjoe_overflow_small_starburst, uniq_eustachio
D:7:      layout_basic, mainiacjoe_overflow_chevrons
D:8:      cheibrodos_quashed, layout_loops_ring, mainiacjoe_overflow_brackets,
          serial_shops, nicolae_shop_bloodbath_and_beyond
D:9:      layout_cave_pods, serial_shops, kennysheep_mini_moat,
          nicolae_lakefront_shop, shop, uniq_joseph
D:10:     layout_basic, erik_lair_dragon, uniq_maggie, uniq_josephine,
          uniq_nergalle
D:11:     layout_loops_cross, nicolae_shop_firing_range
D:12:     layout_basic, zombieorc1_lemuel
D:13:     layout_cave_pools, serial_shops, shop
D:14:     layout_long_grid, david_vaults_5,
          nicolae_dithmenos_through_a_glass_darkly,
          portal_ice_cave_entry_ice_statue_two, uniq_azrael
D:15:     gammafunk_enter_depths_forms, layout_cave_pods,
          amcnicky_altar_lugonu_corruption
Temple:   compressed_dpeg_triangle_lava_temple
Orc:1:    layout_diamond_mine

Skill      XL: |  1  2  3  4  5  6  7  8  9 10 11 12 13 |
---------------+----------------------------------------+-----
Axes           | 3 4 |  4.2
Fighting       | 4 5 6 8 9 10 12 13 | 13.3
Armour         | 4 5 6 8 10 12 13 15 | 15.6
Dodging        | 1 2 3 4 |  4.7
Shields        | 4 |  4.8
Long Blades    | 1 3 4 6 8 10 11 12 13 14 | 14.3
Throwing       | 1 3 5 7 8 9 |  9.0
Invocations    | 2 4 5 6 |  6.9

Action                   |  1- 3 |  4- 6 |  7- 9 | 10-12 | 13-15 || total
-------------------------+-------+-------+-------+-------+-------++-------
Melee: War axe           |    71 |     5 |       |       |       ||    76
       Headbutt          |    10 |     7 |    25 |    71 |    41 ||   154
       Long sword        |       |    64 |   144 |   349 |   142 ||   699
Throw: Boomerang         |       |       |     9 |    61 |       ||    70
Invok: Slouch            |       |       |       |     1 |     6 ||     7
Evoke: Wand              |       |       |     4 |       |       ||     4
  Use: Scroll            |     1 |     3 |     8 |     9 |     5 ||    26
       Potion            |       |       |     3 |     2 |     4 ||     9
Armor: Scale mail        |    51 |    44 |    18 |       |       ||   113
       Chain mail        |       |       |    36 |     4 |       ||    40
       Skin              |       |       |    13 |       |     5 ||    18
       Plate armour      |       |       |       |   220 |    58 ||   278
Dodge: Dodged            |    59 |    64 |    79 |   217 |    75 ||   494
Block: Buckler           |    22 |    11 |    36 |   157 |    47 ||   273

Table legend: (Time is in decaauts)
 A = Elapsed time spent in this place.
 B = Non-inter-level travel time spent in this place.
 C = Inter-level travel time spent in this place.
 D = Time resting spent in this place.
 E = Time spent auto-exploring this place.
 F = Levels seen in this place.
 G = Mean time per level.
                   A        B        C        D        E       F      G
               +--------+--------+--------+--------+--------+-----+--------+
         Total |  22201 |  20103 |   2098 |   2186 |  14946 |  18 | 1233.4 |
       Dungeon |  21995 |  19901 |   2094 |   2186 |  14770 |  15 | 1466.3 |
        Temple |    198 |    195 |      3 |      0 |    175 |   1 |  198.0 |
  Orcish Mines |      1 |      1 |      0 |      0 |      0 |   1 |    1.0 |
      Ice Cave |      5 |      5 |      0 |      0 |      0 |   1 |    5.0 |
               +--------+--------+--------+--------+--------+-----+--------+

Top non-repeatable levels by time:
    D:14: 2697 daAuts
    D:12: 2117 daAuts
    D:10: 2093 daAuts
    D:15: 2025 daAuts
     D:4: 1738 daAuts
     D:9: 1684 daAuts
     D:7: 1518 daAuts
    D:11: 1439 daAuts
     D:5: 1210 daAuts
     D:8: 1126 daAuts
     D:6: 1054 daAuts
    D:13: 892 daAuts
     D:3: 848 daAuts
     D:1: 817 daAuts
     D:2: 732 daAuts
